3138 views
Uploaded 2020-03-20 15:20:57
Game version 1.32.3
11:09 long 4on4 ladder game on (8)GolemsInTheMist_LV
Saved by BaDitO2
3138 views
Uploaded 2020-03-20 15:20:57
Game version 1.32.3
11:09 long 4on4 ladder game on (8)GolemsInTheMist_LV

133 units @ 15.2k
/ 0.9k
73 buildings @ 9k
/ 3.9k

| Lesser Clarity Potion | 2 | 140 |
| Scroll of Regeneration | 2 | 200 |
| total: | 4 | 340g |
| Peasant | 8 | 600 | / | 0 |
| Footman | 10 | 1350 | / | 0 |
| Rifleman | 3 | 615 | / | 90 |
| Mortar Team | 3 | 540 | / | 210 |
| Priest | 3 | 405 | / | 30 |
| total: | 27 | 3510g | / | 330w |
| Scout Tower | 2 | 60 | / | 40 |
| Arcane Tower | 2 | 140 | / | 100 |
| Altar of Kings | 1 | 180 | / | 50 |
| Farm | 8 | 640 | / | 160 |
| Barracks | 1 | 160 | / | 60 |
| Arcane Vault | 1 | 130 | / | 30 |
| Blacksmith | 1 | 140 | / | 60 |
| Lumber Mill | 1 | 120 | / | 0 |
| Arcane Sanctum | 2 | 300 | / | 280 |
| Workshop | 2 | 280 | / | 280 |
| Keep | 1 | 320 | / | 210 |
| total: | 19 | 2010g | / | 960w |
| 0:04 | Peasant |
| 0:06 | Altar of Kings |
| 0:07 | Farm |
| 0:14 | Peasant |
| 0:22 | Barracks |
| 0:30 | Peasant |
| 0:46 | Farm |
| 0:49 | Peasant |
| 0:59 | Peasant |
| 1:11 | Peasant |
| 1:22 | Footman |
| 1:27 | Scout Tower |
| 1:34 | Peasant |
| 1:39 | Farm |
| 1:52 | Footman |
| 2:05 | Arcane Tower |
| 2:08 | Storm Bolt |
| 2:18 | Footman |
| 2:20 | Peasant |
| 2:44 | Footman |
| 2:49 | Farm |
| 3:19 | Footman |
| 3:47 | Footman |
| 4:00 | Bash |
| 4:06 | Arcane Vault |
| 4:20 | Footman |
| 4:31 | Keep |
| 5:02 | Lesser Clarity Potion |
| 5:02 | Scroll of Regeneration |
| 5:20 | Footman |
| 6:01 | Footman |
| 6:17 | Footman |
| 6:41 | Farm |
| 6:41 | Farm |
| 6:56 | Arcane Sanctum |
| 6:58 | Blacksmith |
| 7:04 | Lumber Mill |
| 7:24 | Storm Bolt |
| 8:07 | Arcane Sanctum |
| 8:08 | Workshop |
| 8:12 | Workshop |
| 8:51 | Bash |
| 9:27 | Rifleman |
| 9:41 | Mortar Team |
| 9:42 | Priest |
| 9:45 | Farm |
| 9:45 | Farm |
| 9:47 | Scout Tower |
| 10:32 | Rifleman |
| 10:33 | Mortar Team |
| 10:33 | Priest |
| 10:34 | Arcane Tower |
| 10:53 | Rifleman |
| 10:54 | Mortar Team |
| 10:54 | Priest |
| 11:06 | Scroll of Regeneration |
| 11:06 | Lesser Clarity Potion |
| Right click | 669 |
| Select group | 506 |
| Select | 171 |
| Misc. action | 111 |
| Build/train/purchase | 53 |
| Assign group | 26 |
| Use ability | 17 |
| Minimap ping | 1 |

| Scroll of Regeneration | 1 | 100 |
| total: | 1 | 100g |
| Peasant | 14 | 1050 | / | 0 |
| Footman | 17 | 2295 | / | 0 |
| Flying Machine | 1 | 100 | / | 30 |
| Mortar Team | 1 | 180 | / | 70 |
| Forest Troll Shadow Priest | 2 | 390 | / | 20 |
| Forest Troll Berserker | 1 | 245 | / | 30 |
| Ogre Mauler | 1 | 300 | / | 0 |
| Mud Golem | 1 | 145 | / | 10 |
| total: | 38 | 4705g | / | 160w |
| Scout Tower | 5 | 150 | / | 100 |
| Altar of Kings | 1 | 180 | / | 50 |
| Farm | 6 | 480 | / | 120 |
| Barracks | 2 | 320 | / | 120 |
| Town Hall | 1 | 385 | / | 205 |
| Lumber Mill | 1 | 120 | / | 0 |
| Blacksmith | 1 | 140 | / | 60 |
| Arcane Vault | 1 | 130 | / | 30 |
| Workshop | 4 | 560 | / | 560 |
| Keep | 1 | 320 | / | 210 |
| Castle | 1 | 360 | / | 210 |
| total: | 22 | 2465g | / | 1245w |
| 0:04 | Peasant |
| 0:04 | Peasant |
| 0:09 | Altar of Kings |
| 0:24 | Peasant |
| 0:26 | Farm |
| 0:38 | Barracks |
| 0:51 | Peasant |
| 0:58 | Farm |
| 1:05 | Peasant |
| 1:33 | Peasant |
| 1:34 | Peasant |
| 1:36 | Farm |
| 1:40 | Footman |
| 1:55 | Footman |
| 1:56 | Peasant |
| 2:05 | Footman |
| 2:11 | Summon Water Elemental |
| 2:23 | Farm |
| 2:56 | Footman |
| 3:05 | Farm |
| 3:24 | Footman |
| 3:25 | Footman |
| 3:27 | Barracks |
| 3:43 | Peasant |
| 3:54 | Town Hall |
| 4:04 | Brilliance Aura |
| 4:08 | Peasant |
| 4:08 | Peasant |
| 4:08 | Peasant |
| 4:09 | Peasant |
| 4:09 | Peasant |
| 4:12 | Lumber Mill |
| 4:23 | Footman |
| 4:41 | Scroll of Regeneration |
| 4:50 | Footman |
| 4:58 | Farm |
| 5:31 | Footman |
| 6:10 | Keep |
| 6:11 | Footman |
| 6:12 | Footman |
| 6:36 | Blacksmith |
| 6:43 | Arcane Vault |
| 6:49 | Footman |
| 7:12 | Forest Troll Shadow Priest |
| 7:25 | Summon Water Elemental |
| 7:54 | Scout Tower |
| 7:54 | Scout Tower |
| 7:56 | Scout Tower |
| 7:58 | Scout Tower |
| 7:58 | Scout Tower |
| 8:03 | Footman |
| 8:46 | Footman |
| 9:00 | Blizzard |
| 9:12 | Castle |
| 9:14 | Workshop |
| 9:14 | Workshop |
| 9:14 | Workshop |
| 9:19 | Footman |
| 9:19 | Footman |
| 9:19 | Footman |
| 10:21 | Forest Troll Shadow Priest |
| 10:21 | Forest Troll Berserker |
| 10:23 | Ogre Mauler |
| 10:23 | Mud Golem |
| 10:46 | Workshop |
| 10:53 | Flying Machine |
| 10:55 | Mortar Team |
| Right click | 563 |
| Select group | 227 |
| Select | 157 |
| Build/train/purchase | 74 |
| Misc. action | 46 |
| Assign group | 36 |
| Chat | 33 |
| Use ability | 8 |
| Esc | 6 |


| Lesser Clarity Potion | 4 | 280 |
| Scroll of Regeneration | 2 | 200 |
| Scroll of Town Portal | 1 | 350 |
| total: | 7 | 830g |
| Peasant | 10 | 750 | / | 0 |
| Footman | 8 | 1080 | / | 0 |
| Mortar Team | 2 | 360 | / | 140 |
| total: | 20 | 2190g | / | 140w |
| Scout Tower | 1 | 30 | / | 20 |
| Arcane Tower | 1 | 70 | / | 50 |
| Farm | 8 | 640 | / | 160 |
| Altar of Kings | 1 | 180 | / | 50 |
| Barracks | 1 | 160 | / | 60 |
| Arcane Vault | 1 | 130 | / | 30 |
| Lumber Mill | 1 | 120 | / | 0 |
| Blacksmith | 1 | 140 | / | 60 |
| Workshop | 3 | 420 | / | 420 |
| Keep | 1 | 320 | / | 210 |
| Castle | 1 | 360 | / | 210 |
| total: | 17 | 1820g | / | 800w |
| 0:03 | Peasant |
| 0:03 | Peasant |
| 0:03 | Peasant |
| 0:30 | Farm |
| 0:32 | Peasant |
| 0:32 | Peasant |
| 0:35 | Altar of Kings |
| 1:00 | Barracks |
| 1:18 | Peasant |
| 1:18 | Peasant |
| 1:21 | Farm |
| 1:32 | Arcane Vault |
| 1:35 | Peasant |
| 1:35 | Peasant |
| 1:52 | Peasant |
| 2:05 | Footman |
| 2:05 | Footman |
| 2:28 | Footman |
| 2:30 | Farm |
| 2:35 | Lumber Mill |
| 3:06 | Lesser Clarity Potion |
| 3:06 | Lesser Clarity Potion |
| 3:10 | Farm |
| 3:12 | Farm |
| 3:23 | Scout Tower |
| 3:50 | Blizzard |
| 3:54 | Footman |
| 3:54 | Footman |
| 4:35 | Arcane Tower |
| 4:37 | Keep |
| 4:57 | Footman |
| 4:59 | Scroll of Regeneration |
| 6:06 | Footman |
| 6:06 | Footman |
| 6:17 | Blacksmith |
| 6:21 | Farm |
| 6:22 | Farm |
| 6:22 | Farm |
| 7:16 | Brilliance Aura |
| 7:58 | Flame Strike |
| 8:02 | Workshop |
| 8:04 | Workshop |
| 8:06 | Workshop |
| 8:51 | Blizzard |
| 9:45 | Mortar Team |
| 10:15 | Siphon Mana |
| 10:31 | Mortar Team |
| 10:32 | Castle |
| 10:37 | Scroll of Town Portal |
| 10:41 | Scroll of Regeneration |
| 10:47 | Lesser Clarity Potion |
| 10:49 | Lesser Clarity Potion |
| Right click | 314 |
| Select | 149 |
| Chat | 82 |
| Select group | 73 |
| Build/train/purchase | 45 |
| Misc. action | 35 |
| Use ability | 17 |
| Minimap ping | 14 |
| Assign group | 5 |
| Item give/drop | 1 |

| Wisp | 20 | 1200 | / | 0 |
| Archer | 28 | 3640 | / | 280 |
| total: | 48 | 4840g | / | 280w |
| Moon Well | 9 | 1620 | / | 360 |
| Altar of Elders | 1 | 180 | / | 50 |
| Ancient of War | 2 | 300 | / | 120 |
| Tree of Life | 1 | 340 | / | 185 |
| Hunter's Hall | 1 | 210 | / | 100 |
| Ancient of Wonders | 1 | 90 | / | 30 |
| Tree of Ages | 1 | 320 | / | 180 |
| Tree of Eternity | 1 | 330 | / | 200 |
| total: | 15 | 2740g | / | 845w |
| 0:04 | Wisp |
| 0:04 | Wisp |
| 0:04 | Wisp |
| 0:15 | Moon Well |
| 0:19 | Moon Well |
| 0:26 | Altar of Elders |
| 0:30 | Ancient of War |
| 0:44 | Wisp |
| 0:45 | Wisp |
| 1:16 | Wisp |
| 1:16 | Wisp |
| 1:16 | Wisp |
| 1:17 | Wisp |
| 1:30 | Wisp |
| 1:30 | Wisp |
| 1:40 | Archer |
| 2:01 | Wisp |
| 2:05 | Moon Well |
| 2:37 | Force of Nature |
| 3:15 | Wisp |
| 3:15 | Wisp |
| 3:15 | Wisp |
| 3:15 | Wisp |
| 3:16 | Archer |
| 3:16 | Archer |
| 3:16 | Archer |
| 3:19 | Moon Well |
| 3:42 | Archer |
| 4:01 | Archer |
| 4:10 | Tree of Life |
| 4:17 | Tree of Ages |
| 4:30 | Archer |
| 4:36 | Entangling Roots |
| 4:51 | Archer |
| 5:18 | Archer |
| 5:26 | Archer |
| 5:26 | Archer |
| 5:37 | Moon Well |
| 5:56 | Hunter's Hall |
| 6:35 | Wisp |
| 6:36 | Wisp |
| 6:36 | Wisp |
| 6:36 | Wisp |
| 6:43 | Tree of Eternity |
| 7:04 | Ancient of War |
| 7:05 | Improved Bows |
| 7:15 | Strength of the Moon |
| 7:33 | Moon Well |
| 7:41 | Force of Nature |
| 7:43 | Archer |
| 8:02 | Archer |
| 8:11 | Archer |
| 8:20 | Improved Strength of the Moon |
| 8:25 | Ancient of Wonders |
| 8:39 | Archer |
| 8:44 | Moon Well |
| 8:44 | Moon Well |
| 8:46 | Moon Well |
| 9:07 | Entangling Roots |
| 9:15 | Marksmanship |
| 9:17 | Archer |
| 9:17 | Archer |
| 9:17 | Archer |
| 9:45 | Archer |
| 9:45 | Archer |
| 9:45 | Archer |
| 9:46 | Archer |
| 9:46 | Archer |
| 9:46 | Archer |
| 10:12 | Archer |
| 10:32 | Entangling Roots |
| 10:42 | Archer |
| 10:42 | Archer |
| 11:04 | Archer |
| Right click | 326 |
| Select | 216 |
| Select group | 155 |
| Chat | 79 |
| Build/train/purchase | 73 |
| Assign group | 52 |
| Misc. action | 41 |
| Use ability | 15 |
| Esc | 14 |
| Item give/drop | 2 |
| Minimap ping | 2 |
95 units @ 11.2k
/ 0.6k
44 buildings @ 6.8k
/ 2.7k

| Wisp | 10 | 600 | / | 0 |
| Archer | 5 | 650 | / | 50 |
| Huntress | 1 | 195 | / | 20 |
| total: | 16 | 1445g | / | 70w |
| Moon Well | 5 | 900 | / | 200 |
| Ancient of War | 3 | 450 | / | 180 |
| Altar of Elders | 1 | 180 | / | 50 |
| Hunter's Hall | 1 | 210 | / | 100 |
| Ancient of Wonders | 1 | 90 | / | 30 |
| Ancient of Wind | 2 | 300 | / | 280 |
| Tree of Ages | 1 | 320 | / | 180 |
| total: | 13 | 2130g | / | 840w |
| 0:03 | Moon Well |
| 0:04 | Wisp |
| 0:04 | Wisp |
| 0:04 | Wisp |
| 0:05 | Wisp |
| 0:05 | Wisp |
| 0:43 | Wisp |
| 0:43 | Wisp |
| 0:43 | Wisp |
| 0:43 | Wisp |
| 1:17 | Ancient of War |
| 1:20 | Ancient of War |
| 1:26 | Ancient of War |
| 1:48 | Altar of Elders |
| 2:06 | Moon Well |
| 2:41 | Archer |
| 2:57 | Moon Well |
| 3:49 | Archer |
| 3:59 | Fan of Knives |
| 4:12 | Moon Well |
| 4:42 | Archer |
| 5:08 | Tree of Ages |
| 5:32 | Hunter's Hall |
| 6:48 | Strength of the Moon |
| 6:49 | Moon Armor |
| 7:01 | Ancient of Wonders |
| 7:04 | Archer |
| 7:32 | Wisp |
| 7:42 | Ancient of Wind |
| 7:51 | Ancient of Wind |
| 8:13 | Blink |
| 8:30 | Moon Well |
| 10:03 | Huntress |
| 10:08 | Archer |
| Right click | 134 |
| Select | 105 |
| Select group | 68 |
| Build/train/purchase | 34 |
| Assign group | 23 |
| Chat | 14 |
| Use ability | 5 |
| Misc. action | 2 |
| Minimap ping | 2 |
| Esc | 1 |

| Acolyte | 3 | 225 | / | 0 |
| Ghoul | 4 | 480 | / | 0 |
| Necromancer | 6 | 870 | / | 120 |
| Frost Wyrm | 1 | 385 | / | 120 |
| total: | 14 | 1960g | / | 240w |
| Nerubian Tower | 1 | 100 | / | 20 |
| Spirit Tower | 4 | 580 | / | 160 |
| Ziggurat | 6 | 900 | / | 300 |
| Altar of Darkness | 1 | 180 | / | 50 |
| Crypt | 1 | 200 | / | 50 |
| Graveyard | 1 | 215 | / | 0 |
| Tomb of Relics | 1 | 130 | / | 30 |
| Temple of the Damned | 2 | 310 | / | 280 |
| Sacrificial Pit | 1 | 75 | / | 150 |
| Boneyard | 1 | 175 | / | 200 |
| Halls of the Dead | 1 | 320 | / | 210 |
| Black Citadel | 1 | 325 | / | 230 |
| total: | 14 | 2185g | / | 1060w |
| 0:04 | Acolyte |
| 0:04 | Acolyte |
| 0:05 | Acolyte |
| 0:24 | Ziggurat |
| 0:31 | Altar of Darkness |
| 0:46 | Crypt |
| 1:13 | Graveyard |
| 1:30 | Ziggurat |
| 1:31 | Nerubian Tower |
| 1:48 | Ghoul |
| 2:09 | Ghoul |
| 2:13 | Ghoul |
| 2:19 | Ghoul |
| 2:32 | Unholy Aura |
| 2:41 | Spirit Tower |
| 3:05 | Ziggurat |
| 3:21 | Halls of the Dead |
| 3:58 | Spirit Tower |
| 4:21 | Ziggurat |
| 4:27 | Ziggurat |
| 4:54 | Unholy Strength |
| 4:54 | Unholy Armor |
| 5:56 | Temple of the Damned |
| 6:00 | Temple of the Damned |
| 6:02 | Black Citadel |
| 6:04 | Spirit Tower |
| 6:08 | Sacrificial Pit |
| 6:35 | Tomb of Relics |
| 6:48 | Ziggurat |
| 6:59 | Necromancer Adept Training |
| 7:03 | Skeletal Mastery |
| 7:10 | Necromancer |
| 7:13 | Necromancer |
| 7:42 | Spirit Tower |
| 7:45 | Necromancer |
| 8:06 | Necromancer |
| 8:26 | Boneyard |
| 9:16 | Death Pact |
| 10:19 | Necromancer |
| 10:20 | Necromancer |
| 10:22 | Frost Wyrm |
| Right click | 163 |
| Select | 125 |
| Build/train/purchase | 31 |
| Misc. action | 12 |
| Use ability | 4 |
| Minimap ping | 1 |


| Lesser Clarity Potion | 1 | 70 |
| Scroll of Regeneration | 1 | 100 |
| total: | 2 | 170g |
| Wisp | 11 | 660 | / | 0 |
| Archer | 9 | 1170 | / | 90 |
| Huntress | 8 | 1560 | / | 160 |
| total: | 28 | 3390g | / | 250w |
| Ancient Protector | 2 | 270 | / | 160 |
| Altar of Elders | 1 | 180 | / | 50 |
| Ancient of War | 1 | 150 | / | 60 |
| Moon Well | 4 | 720 | / | 160 |
| Hunter's Hall | 1 | 210 | / | 100 |
| Tree of Ages | 1 | 320 | / | 180 |
| total: | 9 | 1530g | / | 530w |
| 0:05 | Altar of Elders |
| 0:08 | Ancient of War |
| 0:10 | Wisp |
| 0:11 | Wisp |
| 0:38 | Moon Well |
| 0:41 | Wisp |
| 0:50 | Wisp |
| 1:03 | Wisp |
| 1:19 | Archer |
| 1:33 | Wisp |
| 1:38 | Moon Well |
| 2:54 | Archer |
| 2:54 | Archer |
| 3:01 | Moon Well |
| 3:03 | Wisp |
| 3:03 | Wisp |
| 3:07 | Hunter's Hall |
| 3:08 | Archer |
| 3:09 | Archer |
| 3:11 | Trueshot Aura |
| 4:04 | Archer |
| 5:28 | Tree of Ages |
| 5:30 | Moon Well |
| 5:31 | Archer |
| 5:31 | Archer |
| 6:06 | Archer |
| 6:07 | Huntress |
| 6:08 | Huntress |
| 6:13 | Ancient Protector |
| 6:48 | Ancient Protector |
| 6:55 | Strength of the Moon |
| 8:14 | Scroll of Regeneration |
| 8:32 | Lesser Clarity Potion |
| 8:50 | Huntress |
| 8:50 | Huntress |
| 8:53 | Huntress |
| 8:53 | Huntress |
| 8:56 | Wisp |
| 8:56 | Wisp |
| 8:56 | Wisp |
| 9:19 | Moon Glaive |
| 9:43 | Searing Arrows |
| 10:09 | Huntress |
| 10:34 | Huntress |
| 10:37 | Thorns Aura |
| Right click | 397 |
| Select | 153 |
| Build/train/purchase | 43 |
| Use ability | 3 |
| Remove unit | 2 |
| Misc. action | 1 |

| Scroll of Regeneration | 3 | 300 |
| total: | 3 | 300g |
| Peasant | 10 | 750 | / | 0 |
| Footman | 27 | 3645 | / | 0 |
| total: | 37 | 4395g | / | 0w |
| Altar of Kings | 1 | 180 | / | 50 |
| Barracks | 1 | 160 | / | 60 |
| Farm | 4 | 320 | / | 80 |
| Arcane Vault | 1 | 130 | / | 30 |
| Blacksmith | 1 | 140 | / | 60 |
| total: | 8 | 930g | / | 280w |
| 0:06 | Altar of Kings |
| 0:09 | Barracks |
| 0:14 | Farm |
| 0:17 | Peasant |
| 0:17 | Peasant |
| 0:22 | Peasant |
| 0:22 | Peasant |
| 0:39 | Peasant |
| 1:04 | Farm |
| 1:19 | Footman |
| 1:23 | Peasant |
| 1:31 | Footman |
| 1:54 | Footman |
| 1:59 | Farm |
| 2:06 | Footman |
| 2:12 | Summon Water Elemental |
| 2:21 | Footman |
| 2:28 | Farm |
| 2:48 | Footman |
| 3:05 | Arcane Vault |
| 3:42 | Footman |
| 3:42 | Footman |
| 3:42 | Footman |
| 4:11 | Footman |
| 4:11 | Footman |
| 4:32 | Peasant |
| 5:02 | Footman |
| 5:29 | Footman |
| 6:18 | Footman |
| 6:25 | Peasant |
| 6:44 | Peasant |
| 6:44 | Peasant |
| 6:49 | Footman |
| 6:52 | Scroll of Regeneration |
| 7:07 | Footman |
| 7:51 | Blacksmith |
| 7:56 | Footman |
| 7:56 | Footman |
| 8:23 | Footman |
| 8:35 | Scroll of Regeneration |
| 8:46 | Blizzard |
| 8:53 | Footman |
| 8:54 | Footman |
| 8:54 | Footman |
| 8:54 | Footman |
| 9:40 | Footman |
| 9:54 | Scroll of Regeneration |
| 10:00 | Footman |
| 10:00 | Footman |
| 10:01 | Footman |
| Right click | 344 |
| Select | 168 |
| Select group | 112 |
| Build/train/purchase | 51 |
| Assign group | 34 |
| Use ability | 5 |
| Minimap ping | 1 |
โ